 Dungeon Crawl Stone Soup version 0.19.0-2-gae57169 (webtiles) character file.

742 Jerry the Skirmisher (level 7, -3/72 HPs)
             Began as an Ogre Fire Elementalist on Nov 3, 2016.
             Slain by Duvessa
             ... wielding a +0 short sword
              (7 damage)
             ... on level 5 of the Dungeon.
             The game lasted 00:25:46 (6348 turns).

Jerry the Skirmisher (Ogre Fire Elementalist)       Turns: 6348, Time: 00:25:47

Health: -3/72      AC:  7    Str: 20    XL:     7   Next: 76%
Magic:  1/14       EV: 10    Int: 16    God:
Gold:   205        SH:  0    Dex: 10    Spells: 4 memorised, 6 levels left

rFire  . . .     SeeInvis .     t - +0 hunting sling
rCold  . . .     Gourm    .     B - +1 animal skin
rNeg   . . .     Faith    .     (no shield)
rPois  .         Spirit   .     (helmet restricted)
rElec  .         Reflect  .     g - +2 cloak
rCorr  .         Harm     .     (gloves unavailable)
MR     .....                    (boots unavailable)
Stlth  ++........               (no amulet)
                                z - +2 ring of strength
                                i - +4 ring of strength

@: no status effects
A: unfitting armour, tough skin 1, subdued magic 1
a: no special abilities


You were on level 5 of the Dungeon.
You were not hungry.

You visited 1 branch of the dungeon, and saw 5 of its levels.

You collected 205 gold pieces.

Inventory:

Hand Weapons
 s - a +1 flail of holy wrath
 t - a +0 hunting sling (weapon)
Missiles
 v - 22 stones (quivered)
Armour
 g - a +2 cloak (worn)
 B - a +1 animal skin (worn)
Jewellery
 i - a +4 ring of strength (left hand)
 z - a +2 ring of strength (right hand)
Wands
 x - a wand of iceblast (4/15)
Scrolls
 l - 2 scrolls of remove curse
 n - 2 scrolls of recharging
 p - 2 scrolls of identify
Potions
 e - 4 potions of lignification {unknown}
 j - 4 potions of curing {unknown}
 k - a potion of ambrosia {unknown}
 m - a potion of heal wounds {unknown}
 q - a potion of degeneration {unknown}
 u - a potion of flight
 A - 3 potions of agility {unknown}
Books
 b - a book of Flames

   Spells                             Type                      Level
   a - Flame Tongue                   Conjuration/Fire             1
   b - Throw Flame                    Conjuration/Fire             2
   c - Conjure Flame                  Conjuration/Fire             3
   d - Inner Flame                    Hexes/Fire                   3
   e - Sticky Flame                   Conjuration/Fire             4
   f - Fireball                       Conjuration/Fire             5
Comestibles
 a - a chunk of flesh
 c - 3 bread rations
 h - 3 slices of pizza
 o - 3 meat rations
 r - a beef jerky


   Skills:
 + Level 5.3 Fighting
 - Level 1.7 Dodging
 - Level 1.4 Stealth
 + Level 5.1 Spellcasting
 + Level 3.0 Conjurations
 + Level 3.7 Fire Magic


You had 6 spell levels left.
You knew the following spells:

 Your Spells              Type           Power        Failure   Level  Hunger
a - Flame Tongue          Conj/Fire      ##...        3%          1    None
b - Throw Flame           Conj/Fire      ##....       6%          2    #......
c - Conjure Flame         Conj/Fire      ##......     10%         3    ###....
d - Sticky Flame          Conj/Fire      ##......     34%         4    ####...


Dungeon Overview and Level Annotations

Branches:
Dungeon (5/15)
 Temple: D:4-7

Altars:
Cheibriados
Makhleb
Trog

Annotations:
D:5 Duvessa; Edmund; ayyllmao's ghost, novice FoFi


Innate Abilities, Weirdness & Mutations

You are too large for most types of armour.
You have tough skin. (AC +1)
Your spells are a little easier to cast, but a little less powerful.


Message History

* * * LOW HITPOINT WARNING * * *
Duvessa hits you with a short sword!
* * * LOW HITPOINT WARNING * * *
You are too injured to fight recklessly!
Duvessa rages.
You see here a stone.
Duvessa barely misses you.
You see here a stone.
Casting: Flame Tongue
Confirm with . or Enter, or press ? or * to list all spells.
Aiming: Flame Tongue
Press: ? - help, Shift-Dir - straight line, f/p - Duvessa
Aim: Duvessa, wielding a short sword (severely wounded, berserk, fast, unusually strong)
The flame tongue hits Duvessa.
Duvessa is almost dead.
Duvessa closely misses you. Duvessa barely misses you.
Duvessa hits you with a short sword!
* * * LOW HITPOINT WARNING * * *
Duvessa hits you with a short sword!
You die...

####.≈.≈. ....(.(.# ..........#
#.......♣ ......(.# .........#
#....≈.≈. (.......# ........###
#.....♣.. .(....(.# ...... ..#
#....≈.≈. .....((.# #...#
#.###.......♣ ......(.# #...#
#........≈.≈. .....(W.######...#
#..##.....♣.. #.÷.(...(..@#
#.#..#...≈.≈. ####..........e#
#)#..#......♣
#..............####(#.#....≈.≈.
#................#(.#[...##.♣..
###..............#.((.#....###.≈.
.......#...##......##.#....# ####
######.#...#.......##.#....##
...#...#...#....(..##.#.....#
##.#.###...#.#####.##.#.....#


You could see Duvessa (berserk).

Vanquished Creatures
  The ghost of Jerry the Ogre Mage, an amateur OgFE (D:3)
  Blork the orc (D:5)
  Dowan (D:5)
  A crimson imp (D:5)
  2 hounds (D:5)
  2 orc priests (D:3)
  An iguana (D:4)
  Terence (D:3)
  A worker ant (D:4)
  A hound skeleton (D:4)
  Robin (D:4)
  3 gnolls (D:4)
  7 adders
  An ooze (D:1)
  An adder skeleton (D:4)
  A worm (D:4)
  2 dart slugs
  2 leopard geckos
  7 orcs (D:3)
  2 ball pythons
  5 giant cockroaches
  21 goblins
  11 hobgoblins
  7 jackals
  3 quokkas
  4 bats
  7 frilled lizards
  A jackal skeleton (D:5)
  11 kobolds
  20 rats
129 creatures vanquished.

Notes
Turn   | Place    | Note
-------+----------+-------------------------------------------
     0 | D:1      | Jerry the Ogre Fire Elementalist began the quest for the Orb.
     0 | D:1      | Reached XP level 1. HP: 16/16 MP: 3/3
   376 | D:1      | Reached skill level 1 in Fighting
   376 | D:1      | Reached XP level 2. HP: 8/27 MP: 1/5
   377 | D:1      | Reached skill level 1 in Conjurations
   714 | D:1      | Learned a level 2 spell: Throw Flame
  1045 | D:1      | Reached XP level 3. HP: 33/33 MP: 4/7
  1724 | D:2      | Learned a level 3 spell: Conjure Flame
  2008 | D:2      | Reached XP level 4. HP: 42/42 MP: 5/8
  2631 | D:3      | Found a burning altar of Makhleb.
  2771 | D:3      | Noticed Jerry's ghost (amateur OgFE)
  2792 | D:3      | Killed Jerry's ghost
  2792 | D:3      | Reached XP level 5. HP: 15/53 MP: 0/10
  2792 | D:3      | Reached XP level 6. HP: 17/61 MP: 0/11
  3087 | D:3      | Learned a level 4 spell: Sticky Flame
  3102 | D:3      | Noticed Terence
  3109 | D:3      | Killed Terence
  4256 | D:4      | Got a transparent cloak
  4267 | D:4      | Identified the cursed -3 cloak of Hangman {*Contam rElec rF- rCorr SInv} (You found it on level 4 of the Dungeon)
  4535 | D:4      | Noticed Robin
  4556 | D:4      | Killed Robin
  4570 | D:4      | Reached XP level 7. HP: 14/70 MP: 1/13
  5195 | D:5      | Entered Level 5 of the Dungeon
  5227 | D:5      | Found a bloodstained altar of Trog.
  5229 | D:5      | Noticed ayyllmao's ghost (novice FoFi)
  5270 | D:5      | Noticed Blork the orc
  5297 | D:5      | Killed Blork the orc
  5576 | D:4      | Gained mutation: Your spells are a little easier to cast, but a little less powerful. [mutagenic glow]
  5782 | D:5      | Found a snail-covered altar of Cheibriados.
  5874 | D:5      | Reached skill level 5 in Fighting
  5924 | D:5      | Noticed Edmund
  5977 | D:5      | Reached skill level 5 in Spellcasting
  6306 | D:5      | Noticed Dowan
  6307 | D:5      | Noticed Duvessa
  6329 | D:5      | Killed Dowan
  6348 | D:5      | Slain by Duvessa

Skill      XL: |  1  2  3  4  5  6  7 |
---------------+----------------------+-----
Fighting       | 1 2 3 4 5 |  5.3
Conjurations   | 1 2 3 |  3.0
Spellcasting   | 3 4 5 |  5.1
Fire Magic     | 3 |  3.7
Dodging        | |  1.7
Stealth        | |  1.4

Action                   |  1- 3 |  4- 6 |  7- 9 || total
-------------------------+-------+-------+-------++-------
Melee: Dagger            |    44 |   140 |       ||   184
       Unarmed           |    12 |       |       ||    12
       Flail             |       |    15 |    20 ||    35
 Fire: Hunting sling     |       |       |    70 ||    70
 Cast: Flame Tongue      |    51 |   101 |    51 ||   203
       Throw Flame       |       |       |     2 ||     2
  Use: Scroll            |       |     6 |     3 ||     9
 Stab: Sleeping          |     3 |     1 |       ||     4
  Eat: Chunk             |     4 |     8 |     6 ||    18
Armor: Robe              |    25 |    54 |       ||    79
       Animal skin       |       |       |    20 ||    20
Dodge: Dodged            |    46 |   136 |    37 ||   219
